 Dungeon Crawl Stone Soup version 0.29.1-15-g9cfb28693d (webtiles) character file.

Game seed: 11902885306175838635

9 hawla the Caller (level 2, 0/20 HPs)
             Began as a Meteoran Summoner on Apr 5, 2023.
             Killed from afar by Natasha (3 damage)
             ... with a magic dart
             ... on level 2 of the Dungeon.
             The game lasted 00:00:43 (104 turns).

hawla the Caller (Meteoran Summoner)                 Turns: 104, Time: 00:00:43

Health: 0/20       AC:  2    Str:  9    XL:     2   Next: 35%
Magic:  3/6        EV: 12    Int: 16    God:
Gold:   23         SH:  0    Dex: 14    Spells: 3/6 levels left

rFire   . . .      SeeInvis .   (no weapon)
rCold   . . .      Faith    .   (no shield)
rNeg    . . .      Spirit   .   a - +0 robe
rPois   +          Reflect  .   (no helmet)
rElec   .          Harm     .   (no cloak)
rCorr   .          Rampage  .   (no gloves)
Will    .....                   (no boots)
Stlth   +.........              (no amulet)
HPRegen 0.06/turn               c - ring of poison resistance
MPRegen 0.10/turn               (no ring)

@: slowed, glowing, very slow
A: sense surroundings 1, otherworldly, glowing, explore regen
a: no special abilities


You were on level 2 of the Dungeon.
You visited 1 branch of the dungeon, and saw 2 of its levels.

You collected 23 gold pieces.

Inventory:

Armour
 a - a +0 robe (worn)
Jewellery
 c - a ring of poison resistance (left hand)
Scrolls
 d - a scroll of identify {unknown}
Potions
 b - a potion of magic


   Skills:
 + Level 2.5 Dodging
 - Level 1.4 Stealth
 + Level 2.8 Spellcasting
 + Level 5.3 Summonings


You had 3 spell levels left.
You knew the following spells:

 Your Spells              Type           Power      Damage    Failure   Level
a - Summon Small Mammal   Summ           76%        N/A       2%          1
b - Call Imp              Summ           19%        N/A       3%          2

Your spell library contained the following spells:

 Spells                   Type           Power      Damage    Failure   Level
 Call Canine Familiar     Summ           19%        N/A       6%          3
 Summon Guardian Golem    Hex/Summ       10%        N/A       19%         3
 Summon Lightning Spire   Summ/Air       10%        N/A       54%         4


Dungeon Overview and Level Annotations

Branches:
Dungeon (2/15) Zot: 1093

Altars:

Annotations:
D:2 Natasha


Innate Abilities, Weirdness & Mutations

You passively map a small area around you.
You are easily found by Zot.
You glow in the dark.
You regain HP and MP as you explore.


Message History

Your crimson imp blinks!
You hit Natasha but do no damage.
Your quokka disappears in a puff of smoke!
Natasha barely misses you.
Your quokka completely misses Natasha.
You hit Natasha.
Natasha is lightly wounded.
Your quokka bites Natasha but does no damage.
Natasha stares at you and mumbles some strange words.
You feel yourself slow down.
You hit Natasha but do no damage.
Natasha is lightly wounded.
Your quokka closely misses Natasha.
Natasha claws you but does no damage.
Your quokka bites Natasha but does no damage.
You hit Natasha.
Natasha is moderately wounded.
Natasha claws you.
Your crimson imp hits Natasha.
Your quokka bites Natasha but does no damage.
Natasha barely misses you.
Your quokka misses Natasha.
Your crimson imp barely misses Natasha.
You completely miss Natasha.
Natasha is moderately wounded.
Your quokka bites Natasha.
Natasha stares at you and mumbles some strange words.
You resist with significant effort.
Your crimson imp hits Natasha.
You hit Natasha but do no damage.
Natasha is severely wounded.
Your quokka closely misses Natasha.
Natasha claws you.
Your crimson imp blinks!
Your quokka misses Natasha. Natasha claws you!
* * * LOW HITPOINT WARNING * * *
Your crimson imp blinks!
Casting: Summon Small Mammal (safe; 2% risk of failure)
Confirm with . or Enter, or press ? or * to list all spells.
Okay, then.
Casting: Summon Small Mammal (safe; 2% risk of failure)
Confirm with . or Enter, or press ? or * to list all spells.
Your quokka closely misses Natasha.
Natasha casts a spell at you. The magic dart hits you.
You die...

, * , + #.# #........#
* #.# *#........# #.# *
#........# #.#
#........###### #.#
#.............. #.#
#..............* #.#
#...§br........ #.#
#....)h@.......* #.#
###.....#§####### #.#
........#.###### #.# ,
...............# #.#
.........(.....# #.# **
*...(....(......# #.# ,
*........#+###### #.# *
#######.r.###########.#
......................#


You could see Natasha (ally target), a friendly quokka (summoned) and a friendly
bat (summoned).

Vanquished Creatures
  An adder (D:2)
1 creature vanquished.

Notes
Turn   | Place    | Note
-------+----------+-------------------------------------------
     0 | D:1      | hawla the Meteoran Summoner began the quest for the Orb.
     0 | D:1      | Reached XP level 1. HP: 14/14 MP: 5/5
    78 | D:2      | Reached skill level 5 in Summonings
    78 | D:2      | Reached XP level 2. HP: 17/20 MP: 3/6
    81 | D:2      | Learned a level 2 spell: Call Imp
    93 | D:2      | Noticed Natasha
   104 | D:2      | Killed from afar by Natasha

Illustrated notes

Levels and vault maps discovered:
D:1:      dpeg_arrival_stonehenge_12_columns, layout_loops_ring,
          chequers_hall_statues_corner_a
D:2:      minmay_wonky_spiral, layout_basic, uniq_natasha

Skill      XL: |  1 |
---------------+----+-----
Summonings     | 5 |  5.3
Dodging        | |  2.5
Stealth        | |  1.4
Spellcasting   | |  2.8

Action                   || total
-------------------------++-------
Melee: Unarmed           ||    13
 Cast: Summon Small Mamm ||     4
       Call Imp          ||     1
Armor: Robe              ||     2
Dodge: Dodged            ||     7
